 Seeded DCSS version 0.31-a0-542-gdc2a67831c (webtiles) character file.

Game seed: 3826825538972431165 (custom seed)

877 innerfire43 the Ruffian (level 8, -2/90 HPs)
             Began as a Gnoll Shapeshifter on Aug 14, 2023.
             Slain by an orc priest
             ... wielding a +2 hand axe of electrocution
              (4 damage)
             ... on level 4 of the Dungeon.
             The game lasted 00:03:47 (2861 turns).

innerfire43 the Ruffian (Gnoll Shapeshifter)        Turns: 2861, Time: 00:03:48

Health: -2/90      AC: 24    Str: 21    XL:     8   Next: 4%
Magic:  12/12      EV:  2    Int:  8    God:
Gold:   294        SH:  0    Dex: 14    Spells: 12/12 levels left

rFire   . .          .
                       - Unarmed
rCold   . . .        (no shield)
rNeg    . . .        m - melded +0 plate armour
rPois   +            (helmet currently unavailable)
rElec   .            (cloak currently unavailable)
rCorr   .            (gloves currently unavailable)
SInv    .            e - melded +0 pair of boots {rampage}
Will    +....        (no amulet)
Stlth   ++           v - +6 ring of strength
HPRegen 0.35/turn    (no ring)
MPRegen 0.13/turn

%: no passive effects
@: brilliant, tree-form, attractive, enlightened
A: stationary, stasis, torment immunity, boosted hp, (fangs 1), strong nose,
distributed training
a: no special abilities


You were on level 4 of the Dungeon.
You were a tree.
You visited 1 branch of the dungeon, and saw 6 of its levels.

You collected 294 gold pieces.

Inventory:

Hand Weapons
 y - the +5 spear of Immorality {flame, *Noise rF++ Int+4}
   (You found it on level 5 of the Dungeon)

   Int+4:     It affects your intelligence (+4).
   rF++:      It greatly protects you from fire.
   *Noise:    It may make a loud noise when swung.
Armour
 a - a +0 animal skin
 e - a +0 pair of boots of rampaging (melded)
 m - a +0 plate armour (melded)
Jewellery
 n - a ring of protection from cold
 t - a ring of see invisible
 v - a +6 ring of strength (left branch)
Talismans
 c - a beast talisman
 d - a flux talisman
Scrolls
 f - 2 scrolls of vulnerability {unknown}
 g - a scroll of amnesia {unknown}
 h - a scroll of brand weapon {unknown}
 j - 3 scrolls of identify {unknown}
 k - 3 scrolls of noise {unknown}
 q - a scroll of torment {unknown}
 s - 2 scrolls of enchant armour {unknown}
 u - a scroll of enchant weapon {unknown}
 w - a scroll of immolation {unknown}
 A - a scroll of poison {unknown}
Potions
 i - 2 potions of mutation {unknown}
 p - 2 potions of cancellation {unknown}
 x - a potion of attraction


   Skills:
 + Level 4.0 Fighting
 + Level 2.9 Short Blades
 + Level 2.9 Long Blades
 + Level 2.9 Axes
 + Level 2.9 Maces & Flails
 + Level 2.9 Polearms
 + Level 2.9 Staves
 + Level 2.9 Ranged Weapons
 + Level 2.9 Throwing
 + Level 2.9 Armour
 + Level 5.5 Dodging
 + Level 2.9 Stealth
 + Level 2.9 Shields
 + Level 7.2 Unarmed Combat
 + Level 2.9 Spellcasting
 + Level 2.3 Conjurations
 + Level 2.3 Hexes
 + Level 2.3 Summonings
 + Level 2.3 Necromancy
 + Level 2.3 Translocations
 + Level 2.3 Transmutations
 + Level 2.3 Fire Magic
 + Level 2.3 Ice Magic
 + Level 2.3 Air Magic
 + Level 2.3 Earth Magic
 + Level 2.3 Poison Magic
 + Level 3.2 Invocations
 + Level 2.9 Evocations
 + Level 7.0 Shapeshifting


You had 12 spell levels left.
You didn't know any spells.
Your spell library was empty.

Dungeon Overview and Level Annotations

Branches:
Dungeon (6/15)
 Temple: D:4-7

Altars:


Innate Abilities, Weirdness & Mutations

You are a tree.
Your roots penetrate the ground, keeping you stationary.
You cannot be teleported.
You are immune to unholy pain and torment.
Your maximum health is greatly increased.
Your equipment is partially melded.
((You have very sharp teeth.))
Your uncanny sense of smell can sniff out nearby items.
Your experience applies equally to all skills.


Message History

The goblin hits you but does no damage.
It was a potion of magic.
Magic courses through your body. The orc hits you but does no damage.
The orc priest hits you but does no damage.
The orc hits you but does no damage. x2
The endoplasm freezes you.
You are frozen.
* * * LOW HITPOINT WARNING * * *
The goblin hits you but does no damage.
It was a potion of attraction.
You feel attractive to monsters. The orc hits you but does no damage.
The orc priest hits you with a +2 hand axe of electrocution.
* * * LOW HITPOINT WARNING * * *
The orc hits you but does no damage. x2
The endoplasm hits you but does no damage.
The goblin hits you but does no damage.
Okay, then.
You closely miss the orc priest. Your punch misses the orc priest.
The orc priest is severely wounded.
The orc hits you but does no damage.
The orc priest invokes the aid of Beogh against you.
Beogh smites you!
* * * LOW HITPOINT WARNING * * *
The orc hits you but does no damage. The orc completely misses you.
The endoplasm hits you but does no damage.
The goblin hits you but does no damage.
It was a potion of brilliance.
You feel clever all of a sudden. The orc hits you but does no damage.
The orc priest hits you but does no damage.
The orc hits you but does no damage. x2
The endoplasm freezes you.
You are frozen.
* * * LOW HITPOINT WARNING * * *
The goblin hits you but does no damage.
It was a potion of enlightenment.
Your roots keep you in place.
The orc hits you but does no damage.
The orc priest hits you with a +2 hand axe of electrocution.
You die...

#######
##.....##
##.......##
#.........#
#..)o.....#
#.o♣g.....#
#.ooJ.....#
#..>......#
#.........#
#..........
#.........#
#.........#
#.........#
##.......##


You could see an orc priest, 3 orcs, an endoplasm and a goblin.

Vanquished Creatures
  Sigmund (D:5)
  Duvessa (D:4)
  A phantom (D:5)
  Blork the orc (D:5)
  A scorpion (D:5)
  Dowan (D:4)
  A hound (D:5)
  2 orc priests
  Jessica (D:2)
  An iguana (D:5)
  Robin (D:2)
  8 gnolls
  5 adders
  2 ufetubi
  2 dart slugs
  4 orcs (D:3)
  4 bats
  8 endoplasms
  3 giant cockroaches (D:1)
  11 goblins
  7 hobgoblins
  2 jackals (D:2)
  3 kobolds
  2 quokkas
  4 ball pythons
  2 frilled lizards
  6 rats
85 creatures vanquished.

Notes
Turn   | Place    | Note
-------+----------+-------------------------------------------
     0 | D:1      | innerfire43 the Gnoll Shapeshifter began the quest for the
                  | Orb.
     0 | D:1      | Reached XP level 1. HP: 17/17 MP: 1/1
   232 | D:1      | Reached XP level 2. HP: 11/23 MP: 2/2
   450 | D:1      | Reached XP level 3. HP: 25/28 MP: 3/3
   802 | D:2      | Noticed Jessica
   808 | D:2      | Killed Jessica
   809 | D:2      | Reached skill level 1 in Short Blades
   809 | D:2      | Reached skill level 1 in Long Blades
   809 | D:2      | Reached skill level 1 in Axes
   809 | D:2      | Reached skill level 1 in Maces & Flails
   809 | D:2      | Reached skill level 1 in Polearms
   809 | D:2      | Reached skill level 1 in Staves
   809 | D:2      | Reached skill level 1 in Ranged Weapons
   809 | D:2      | Reached skill level 1 in Throwing
   809 | D:2      | Reached skill level 1 in Armour
   809 | D:2      | Reached skill level 1 in Stealth
   809 | D:2      | Reached skill level 1 in Shields
   809 | D:2      | Reached skill level 1 in Spellcasting
   809 | D:2      | Reached skill level 1 in Invocations
   809 | D:2      | Reached skill level 1 in Evocations
   810 | D:2      | Identified a scroll of acquirement
   810 | D:2      | Acquired a +0 pair of boots of rampaging
   939 | D:2      | Reached XP level 4. HP: 33/34 MP: 5/5
  1173 | D:2      | Reached skill level 1 in Conjurations
  1173 | D:2      | Reached skill level 1 in Hexes
  1173 | D:2      | Reached skill level 1 in Summonings
  1173 | D:2      | Reached skill level 1 in Necromancy
  1173 | D:2      | Reached skill level 1 in Translocations
  1173 | D:2      | Reached skill level 1 in Transmutations
  1173 | D:2      | Reached skill level 1 in Fire Magic
  1173 | D:2      | Reached skill level 1 in Ice Magic
  1173 | D:2      | Reached skill level 1 in Air Magic
  1173 | D:2      | Reached skill level 1 in Earth Magic
  1173 | D:2      | Reached skill level 1 in Poison Magic
  1318 | D:2      | Noticed Robin
  1357 | D:2      | Killed Robin
  1361 | D:2      | Reached XP level 5. HP: 21/40 MP: 5/7
  2010 | D:3      | You fall into a shaft and drop 3 floors!
  2020 | D:6      | Reached XP level 6. HP: 47/47 MP: 8/8
  2038 | D:5      | Entered Level 5 of the Dungeon
  2048 | D:5      | Noticed Sigmund
  2054 | D:5      | Reached skill level 5 in Dodging
  2059 | D:5      | Killed Sigmund
  2060 | D:5      | Reached XP level 7. HP: 46/52 MP: 8/10
  2330 | D:5      | Identified the +5 spear of Immorality {flame, *Noise rF++
                  | Int+4}
  2604 | D:5      | Noticed Blork the orc
  2610 | D:5      | Killed Blork the orc
  2841 | D:4      | Noticed Duvessa
  2841 | D:4      | Noticed Dowan
  2845 | D:4      | Killed Duvessa
  2850 | D:4      | Killed Dowan
  2851 | D:4      | Reached XP level 8. HP: 26/60 MP: 12/12
  2859 | D:4      | HP: 4/90 [orc priest/divine providence (16)]
  2861 | D:4      | Slain by an orc priest

Illustrated notes

Levels and vault maps discovered:
D:1:      roderic_crop_circles_arrival_large, layout_basic
D:2:      layout_basic, minmay_distorted, uniq_robin, uniq_jessica
D:3:      layout_basic, minivault_24, minmay_box_of_dots
D:4:      layout_rooms, nicolae_qazlal_eye_of_the_storm,
          mainiacjoe_overflow_chevrons, minmay_temple_entry_statues_fountains,
          gup_ossuary_entry_pyramid, nicolae_elevator_lobby_asterisk,
          uniq_grinder, uniq_eustachio, uniq_pikel, uniq_duvessa
D:5:      layout_cave_pods, uniq_blork_the_orc, uniq_sigmund
D:6:      layout_gridville, grunt_temple_overflow_champion_of_chaos,
          mainiacjoe_overflow_large_starburst, nicolae_kite_square_tiling_tiny,
          minmay_statues_item, grunt_decor_fettered

Skill      XL: |  1  2  3  4  5  6  7  8 |
---------------+-------------------------+-----
Short Blades   | 1 2 |  2.9
Long Blades    | 1 2 |  2.9
Axes           | 1 2 |  2.9
Maces & Flails | 1 2 |  2.9
Polearms       | 1 2 |  2.9
Staves         | 1 2 |  2.9
Ranged Weapons | 1 2 |  2.9
Throwing       | 1 2 |  2.9
Armour         | 1 2 |  2.9
Stealth        | 1 2 |  2.9
Shields        | 1 2 |  2.9
Spellcasting   | 1 2 |  2.9
Invocations    | 1 2 3 |  3.2
Evocations     | 1 2 |  2.9
Conjurations   | 1 2 |  2.3
Hexes          | 1 2 |  2.3
Summonings     | 1 2 |  2.3
Necromancy     | 1 2 |  2.3
Translocations | 1 2 |  2.3
Transmutations | 1 2 |  2.3
Fire Magic     | 1 2 |  2.3
Ice Magic      | 1 2 |  2.3
Air Magic      | 1 2 |  2.3
Earth Magic    | 1 2 |  2.3
Poison Magic   | 1 2 |  2.3
Fighting       | 3 4 |  4.0
Dodging        | 5 |  5.5
Unarmed Combat | 7 |  7.2
Shapeshifting  | 7 |  7.0

Action                     |  1- 3 |  4- 6 |  7- 9 || total
---------------------------+-------+-------+-------++-------
  Melee: Unarmed           |    69 |   151 |    62 ||   282
         Bite              |    10 |    16 |    10 ||    36
    Use: Scroll            |     1 |       |       ||     1
         Potion            |       |       |     6 ||     6
 Armour: Animal skin       |    12 |       |       ||    12
         Plate armour      |       |   127 |    35 ||   162
         Skin              |       |       |    47 ||    47
  Dodge: Dodged            |    33 |    46 |    24 ||   103
   Form: Flux              |     1 |       |       ||     1

Table legend: (Time is in decaauts)
 A = Elapsed time spent in this place.
 B = Non-inter-level travel time spent in this place.
 C = Inter-level travel time spent in this place.
 D = Time resting spent in this place.
 E = Time spent auto-exploring this place.
 F = Levels seen in this place.
 G = Mean time per level.
                   A        B        C        D        E       F      G
               +--------+--------+--------+--------+--------+-----+--------+
         Total |   2830 |   2742 |     88 |      0 |   2207 |   6 |  471.7 |
       Dungeon |   2830 |   2742 |     88 |      0 |   2207 |   6 |  471.7 |
               +--------+--------+--------+--------+--------+-----+--------+

Top non-repeatable levels by time:
     D:5: 794 daAuts
     D:1: 794 daAuts
     D:2: 711 daAuts
     D:3: 484 daAuts
     D:6: 27 daAuts
     D:4: 17 daAuts
